Mustangs vs Punishers
Created - March 21, 2019 at 19:09
Goals
|
| Mustangs |
1 |
1 |
3 |
5 |
| Punishers |
1 |
3 |
3 |
7 |
|
Shots
|
| Mustangs |
8 |
11 |
12 |
31 |
| Punishers |
9 |
21 |
9 |
39 |
|
1st period
1. Punishers , David Laliberté 29 (Tyler Bertuzzi 15) at 17:52
2. Mustangs , Andrew Shaw 30 (Teuvo Teravainen 39) at 18:35
Penalties :
Madison Bowey (Pro) for Charging (Minor) at 1:50
2nd period
3. Punishers , Robbie Earl 37 (Adam Pelech 30, Mattias Tedenby 35) at 2:16 (PP)
4. Punishers , Jordan Schmaltz 4 (Mattias Tedenby 36, Robbie Earl 37) at 7:09 (PP)
5. Punishers , Jordan Schmaltz 5 (Colton Gillies 27, David Laliberté 38) at 13:13 (PP)
6. Mustangs , Max Gortz 3 (JT Compher 8, Stefan Matteau 14) at 14:28
Penalties :
Ben Harpur (Ham) for Checking from behind (Minor) at 2:00, Stefan Matteau (Ham) for Holding (Minor) at 6:52, Curtis Hamilton (Ham) for Holding (Minor) at 9:37, Dakota Mermis (Ham) for Hooking (Minor) at 12:37
3rd period
7. Punishers , Mattias Tedenby 32 (Stefan Elliott 23) at 0:08
8. Mustangs , Josh Jooris 15 (Alexei Marchenko 26) at 1:37 (PP)
9. Mustangs , Andrew Shaw 31 (Brady Skjei 49) at 7:43 (SH)
10. Punishers , David Laliberté 30 (Stefan Elliott 24, Tyler Bertuzzi 16) at 8:17 (PP)
11. Punishers , Robbie Earl 38 (Mattias Tedenby 37, Colton Gillies 28) at 10:06
12. Mustangs , Derek Joslin 11 (Teuvo Teravainen 40, Chet Pickard) at 11:57
Penalties :
Jordan Schmaltz (Pro) for Diving (Minor) at 0:37, Dylan DeMelo (Pro) for Hooking (Minor) at 3:15, Joshua Leivo (Ham) for Hooking (Minor) at 7:08, Robbie Earl (Pro) for Holding (Minor) at 12:19
Goalie Stats
Chet Pickard (Ham), 32 saves from 39 shots - (0.821), L, 27-13-5, 60:00 minutes
Louis Domingue (Pro), 26 saves from 31 shots - (0.839), W, 13-10-1, 60:00 minutes
Players Stats for Mustangs
Player Name G A P +/- PIM S H SB GA TA FO MP PP MP PK MP
------------------------------------------------------------------------------------
Alexei Marchenko 0 1 1 2 0 0 4 0 1 1 0/0 20:44 2:32 2:09
Andrew Shaw 2 0 2 0 0 3 2 0 0 0 0/1 20:27 3:47 0:46
Ben Harpur 0 0 0 0 2 0 3 1 0 0 0/0 13:02 0:00 0:00
Brady Skjei 0 1 1 -1 0 5 2 1 0 1 0/0 26:13 4:25 2:08
Curtis Hamilton 0 0 0 0 2 2 0 0 0 0 0/0 8:34 0:01 0:00
Dakota Mermis 0 0 0 0 2 0 0 0 0 0 0/0 13:02 0:00 0:00
Damon Severson 0 0 0 2 0 1 1 1 0 1 0/0 20:44 2:32 2:09
Derek Joslin 1 0 1 -1 0 5 3 2 0 0 0/0 26:13 4:25 2:08
Jerome Samson 0 0 0 0 0 0 1 0 0 1 0/0 12:09 0:01 0:00
Jim O'Brien 0 0 0 2 0 1 1 0 1 0 2/4 14:50 0:01 0:46
Josh Jooris 1 0 1 1 0 8 0 0 0 0 0/0 19:28 3:09 3:01
Joshua Leivo 0 0 0 1 2 0 2 0 0 1 0/0 16:39 3:09 0:30
JT Compher 0 1 1 0 0 0 0 0 0 0 0/0 10:51 0:00 0:00
Max Gortz 1 0 1 0 0 2 0 0 0 0 0/0 7:10 0:00 0:00
Melker Karlsson 0 0 0 -1 0 1 2 0 0 0 22/43 23:01 3:47 3:06
Michael McCarron 0 0 0 0 0 0 0 0 0 0 0/1 7:10 0:00 0:00
Stefan Matteau 0 1 1 0 2 1 2 1 0 0 2/7 15:44 3:09 0:25
Teuvo Teravainen 0 2 2 -1 0 2 1 0 4 0 0/1 19:37 3:47 0:00
Players Stats for Punishers
Player Name G A P +/- PIM S H SB GA TA FO MP PP MP PK MP
------------------------------------------------------------------------------------
Adam Pelech 0 1 1 -1 0 2 1 1 1 1 0/0 25:17 2:15 3:10
Andreas Athanasiou 0 0 0 -1 0 0 2 1 0 0 4/12 16:16 2:13 0:05
Carter Ashton 0 0 0 -1 0 1 1 0 0 0 0/0 9:09 0:00 1:24
Colton Gillies 0 2 2 1 0 5 5 0 0 0 18/29 21:18 1:44 3:37
David Laliberté 2 1 3 -2 0 3 3 0 1 1 0/0 16:51 1:44 1:24
Dylan DeMelo 0 0 0 -2 2 3 1 1 0 0 0/0 11:37 0:00 0:00
Freddie Hamilton 0 0 0 -1 0 0 0 0 0 0 0/1 7:45 0:00 0:00
Garret Ross 0 0 0 0 0 2 1 0 0 0 1/2 12:25 0:00 1:23
Jordan Schmaltz 2 0 2 1 2 5 1 0 1 0 0/0 19:09 2:02 2:49
Madison Bowey 0 0 0 2 2 0 0 1 0 0 0/0 21:52 2:02 2:35
Mattias Tedenby 1 3 4 2 0 5 1 1 0 1 1/2 18:34 2:33 0:00
Miikka Salomaki 0 0 0 0 0 5 2 0 0 0 1/1 13:30 0:20 1:59
Nikita Gusev 0 0 0 -1 0 2 0 0 0 0 0/0 7:45 0:00 0:00
Patrick Wiercioch 0 0 0 -2 0 0 0 1 0 0 0/0 13:02 0:00 1:24
Radek Faksa 0 0 0 0 0 0 2 0 0 1 6/7 12:05 0:00 0:59
Robbie Earl 2 1 3 2 2 3 1 1 2 0 0/2 21:34 2:33 2:46
Stefan Elliott 0 2 2 0 0 3 1 3 0 2 0/0 29:00 2:15 3:56
Tyler Bertuzzi 0 2 2 -2 0 0 4 0 0 0 0/1 15:50 1:44 0:17
3 Stars
1 - Mattias Tedenby (Pro)
2 - Robbie Earl (Pro)
3 - David Laliberté (Pro)
Power Play
Mustangs - 1 on 4 Attempt(s) - 25.00%
Punishers - 4 on 5 Attempt(s) - 80.00%
Penalty Kill
Mustangs - 1 on 5 Attempt(s) - 20.00%
- Score 1 goal in Penalty Kill
Punishers - 3 on 4 Attempt(s) - 75.00%
- Score 0 goal in Penalty Kill
Team Stat
Mustangs - Hits : 24 - Faceoff Wins : 26 - Blocked Shots : 6 - Penalty Minutes : 10
Punishers - Hits : 26 - Faceoff Wins : 31 - Blocked Shots : 10 - Penalty Minutes : 8
Official
Referees : Unknown
Linesman : Unknown
Game Notes
No Game Note
Finance
Level 1 -- Attendance: 1378 (68.90%) -- Ticket Income $55,120
Level 2 -- Attendance: 733 (73.30%) -- Ticket Income $14,660
Total Attendance: 2111 (70.37%)
Total Ticket Income: $69,780
Other Income: $3,489
Total Income: $73,269
Mustangs
5 vs 5 Forward
Center Left Wing Right Wing Time % Phy DF OF
1 Melker Karlsson Teuvo Teravainen Andrew Shaw 40 1 2 2
2 Jim O'Brien Joshua Leivo Josh Jooris 30 1 2 2
3 Stefan Matteau JT Compher Jerome Samson 20 1 2 2
4 Michael McCarron Curtis Hamilton Max Gortz 10 1 2 2
5 vs 5 Defense
Defense Defense Time % Phy DF OF
1 Brady Skjei Derek Joslin 44 1 2 2
2 Alexei Marchenko Damon Severson 33 1 2 2
3 Ben Harpur Dakota Mermis 23 1 2 2
4 Brady Skjei Alexei Marchenko 0 1 2 2
PowerPlay Forward
Center Left Wing Right Wing Time % Phy DF OF
1 Melker Karlsson Teuvo Teravainen Andrew Shaw 60 1 2 2
2 Stefan Matteau Joshua Leivo Josh Jooris 40 1 2 2
PowerPlay Defense
Defense Defense Time % Phy DF OF
1 Brady Skjei Derek Joslin 60 1 2 2
2 Alexei Marchenko Damon Severson 40 1 2 2
Penalty Kill 4 Players Forward
Center Wing Time % Phy DF OF
1 Melker Karlsson Josh Jooris 60 1 2 2
2 Jim O'Brien Andrew Shaw 40 1 2 2
Penalty Kill 4 Players Defense
Defense Defense Time % Phy DF OF
1 Brady Skjei Derek Joslin 60 1 2 2
2 Alexei Marchenko Damon Severson 40 1 2 2
Penalty Kill - 3 Players Forward
Forward Time % Phy DF OF
1 Melker Karlsson 60 1 2 2
2 Jim O'Brien 40 1 2 2
Penalty Kill - 3 Players Defense
Defense Defense Time % Phy DF OF
1 Brady Skjei Derek Joslin 60 1 2 2
2 Alexei Marchenko Damon Severson 40 1 2 2
4 vs 4 Forward
Center Wing Time % Phy DF OF
1 Melker Karlsson Teuvo Teravainen 60 1 2 2
2 Stefan Matteau Josh Jooris 40 1 2 2
4 vs 4 Defense
Defense Defense Time % Phy DF OF
1 Brady Skjei Derek Joslin 60 1 2 2
2 Alexei Marchenko Damon Severson 40 1 2 2
Last Minutes Offensive
Center Left Wing Right Wing Defense Defense
Melker Karlsson Teuvo Teravainen Andrew Shaw Brady Skjei Derek Joslin
Last Minutes Defensive
Center Left Wing Right Wing Defense Defense
Melker Karlsson Teuvo Teravainen Andrew Shaw Brady Skjei Derek Joslin
Goaltenders
Starting : Chet Pickard
Backup : Joacim Eriksson
Extra Forwards
Normal : Melker Karlsson, Stefan Matteau, Jim O'Brien - PP : Teuvo Teravainen, Josh Jooris - PK : Melker Karlsson
Extra Defensemen
Normal : Brady Skjei, Alexei Marchenko, Ben Harpur - PP : Brady Skjei - PK : Derek Joslin, Alexei Marchenko
Penalty Shots
Melker Karlsson, Teuvo Teravainen, Josh Jooris, Joshua Leivo, Stefan Matteau
Scratches
Ryan Graves (Healthy), Scott Mayfield (Lacerated Right Calf Injury), Eric Knodel (Healthy), Matthew Finn (Healthy), Mark Pysyk (Broken Left Thumb Injury)
Pascal Dupuis (Healthy), Danny Biega (Healthy), Kurtis Gabriel (Healthy), Raphael Bussieres (Healthy), Sam Kurker (Healthy)
Riley Nash (Healthy), Francis Paré (Healthy), Anthony Stolarz (Healthy)
Punishers
5 vs 5 Forward
Center Left Wing Right Wing Time % Phy DF OF
1 Colton Gillies Robbie Earl Mattias Tedenby 40 0 2 3
2 Andreas Athanasiou Tyler Bertuzzi David Laliberté 30 0 2 3
3 Radek Faksa Garret Ross Miikka Salomaki 20 1 2 2
4 Freddie Hamilton Nikita Gusev Carter Ashton 10 1 2 2
5 vs 5 Defense
Defense Defense Time % Phy DF OF
1 Stefan Elliott Adam Pelech 40 1 2 2
2 Jordan Schmaltz Madison Bowey 30 1 2 2
3 Patrick Wiercioch Dylan DeMelo 20 1 2 2
4 Stefan Elliott Madison Bowey 10 1 2 2
PowerPlay Forward
Center Left Wing Right Wing Time % Phy DF OF
1 Andreas Athanasiou Robbie Earl Mattias Tedenby 60 0 2 3
2 Colton Gillies Tyler Bertuzzi David Laliberté 40 0 2 3
PowerPlay Defense
Defense Defense Time % Phy DF OF
1 Stefan Elliott Adam Pelech 60 0 2 3
2 Jordan Schmaltz Madison Bowey 40 0 2 3
Penalty Kill 4 Players Forward
Center Wing Time % Phy DF OF
1 Colton Gillies Robbie Earl 60 0 3 2
2 David Laliberté Carter Ashton 40 0 3 2
Penalty Kill 4 Players Defense
Defense Defense Time % Phy DF OF
1 Stefan Elliott Madison Bowey 60 0 3 2
2 Jordan Schmaltz Adam Pelech 40 0 3 2
Penalty Kill - 3 Players Forward
Forward Time % Phy DF OF
1 Colton Gillies 60 0 4 1
2 Robbie Earl 40 0 4 1
Penalty Kill - 3 Players Defense
Defense Defense Time % Phy DF OF
1 Stefan Elliott Madison Bowey 60 0 5 0
2 Jordan Schmaltz Adam Pelech 40 0 5 0
4 vs 4 Forward
Center Wing Time % Phy DF OF
1 Andreas Athanasiou Mattias Tedenby 60 0 2 3
2 Colton Gillies Robbie Earl 40 0 2 3
4 vs 4 Defense
Defense Defense Time % Phy DF OF
1 Stefan Elliott Adam Pelech 60 1 2 2
2 Jordan Schmaltz Madison Bowey 40 1 2 2
Last Minutes Offensive
Center Left Wing Right Wing Defense Defense
Andreas Athanasiou Robbie Earl Mattias Tedenby Stefan Elliott Adam Pelech
Last Minutes Defensive
Center Left Wing Right Wing Defense Defense
Colton Gillies Robbie Earl Carter Ashton Stefan Elliott Adam Pelech
Goaltenders
Starting : Louis Domingue
Backup : Daniel Altshuller
Extra Forwards
Normal : Tyler Bertuzzi, Andreas Athanasiou, Robbie Earl - PP : Tyler Bertuzzi, Miikka Salomaki - PK : Miikka Salomaki
Extra Defensemen
Normal : Madison Bowey, Stefan Elliott, Jordan Schmaltz - PP : Patrick Wiercioch - PK : Patrick Wiercioch, Jordan Schmaltz
Penalty Shots
Mattias Tedenby, Robbie Earl, David Laliberté, Colton Gillies, Miikka Salomaki
Scratches
Michael Joly (Healthy), Dan Bertram (Healthy), John Macfarland (Healthy), Trevor Van Riemsdyk (Left Hand Injury), Zack Hamill (Strained Right Elbow Injury)
% Time on Ice - Mustangs
Lines # - Real PCT - Wanted PCT - Time Play
Normal Forward
1 - 35% - 40% - 17:07
2 - 28% - 30% - 13:38
3 - 22% - 20% - 10:51
4 - 15% - 10% - 7:10
Normal Defense
1 - 40% - 44% - 19:40
2 - 33% - 33% - 16:03
3 - 27% - 23% - 13:03
4 - 0% - 0% - 0:00
PP Forward
1 - 55% - 60% - 3:48
2 - 45% - 40% - 3:09
PP Defense
1 - 64% - 60% - 4:25
2 - 36% - 40% - 2:32
PK Forward
1 - 82% - 60% - 3:31
2 - 18% - 40% - 0:46
PK Defense
1 - 50% - 60% - 2:08
2 - 50% - 40% - 2:09
PK3 Forward
1 - 0% - 60%
2 - 0% - 40%
PK3 Defense
1 - 0% - 60%
2 - 0% - 40%
44 Forward
1 - 0% - 60%
2 - 0% - 40%
44 Defense
1 - 0% - 60%
2 - 0% - 40%
Last Minute Offensive - 0:00
Last Minute Defensive - 0:00
Total
Forward - 60:00
Defense - 60:00
|
% Time on Ice - Punishers
Lines # - Real PCT - Wanted PCT - Time Play
Normal Forward
1 - 34% - 40% - 16:35
2 - 28% - 30% - 13:43
3 - 22% - 20% - 10:43
4 - 16% - 10% - 7:45
Normal Defense
1 - 41% - 40% - 20:05
2 - 29% - 30% - 14:19
3 - 24% - 20% - 11:38
4 - 6% - 10% - 2:44
PP Forward
1 - 60% - 60% - 2:33
2 - 40% - 40% - 1:44
PP Defense
1 - 53% - 60% - 2:15
2 - 47% - 40% - 2:02
PK Forward
1 - 80% - 60% - 5:33
2 - 20% - 40% - 1:24
PK Defense
1 - 57% - 60% - 3:56
2 - 43% - 40% - 3:01
PK3 Forward
1 - 0% - 60%
2 - 0% - 40%
PK3 Defense
1 - 0% - 60%
2 - 0% - 40%
44 Forward
1 - 0% - 60%
2 - 0% - 40%
44 Defense
1 - 0% - 60%
2 - 0% - 40%
Last Minute Offensive - 0:00
Last Minute Defensive - 0:00
Total
Forward - 60:00
Defense - 60:00
|
Play-by-Play
1st period
0:01 of 1st period - Colton Gillies wins face-off versus Melker Karlsson in neutral zone.
0:39 of 1st period - Snap shot by Josh Jooris.
0:39 of 1st period - Stopped by Louis Domingue without a rebound.
0:40 of 1st period - Stefan Matteau wins face-off versus Radek Faksa in Punishers zone.
0:51 of 1st period - Wrist shot by Jerome Samson.
0:51 of 1st period - Shot Misses the Net.
1:35 of 1st period - Wrist shot by Mattias Tedenby.
1:35 of 1st period - Deflect By Jim O'Brien.
1:35 of 1st period - Shot Blocked by Ben Harpur.
1:35 of 1st period - Puck is out of play.
1:36 of 1st period - Melker Karlsson wins face-off versus Colton Gillies in Mustangs zone.
1:47 of 1st period - Slapshot by Damon Severson.
1:47 of 1st period - Stopped by Louis Domingue without a rebound.
1:48 of 1st period - Andreas Athanasiou wins face-off versus Michael McCarron in Punishers zone.
1:50 of 1st period - Minor Penalty to Madison Bowey for Charging.
1:51 of 1st period - Colton Gillies wins face-off versus Teuvo Teravainen in Punishers zone.
2:09 of 1st period - Stefan Elliott is hit by Teuvo Teravainen and loses puck.
3:36 of 1st period - Robbie Earl is hit by Melker Karlsson.
3:40 of 1st period - Teuvo Teravainen is hit by Stefan Elliott and loses puck.
3:50 of 1st period - Penalty to Madison Bowey is over, Madison Bowey is back on ice.
4:24 of 1st period - Snap shot by Garret Ross.
4:24 of 1st period - Stopped by Chet Pickard with a rebound.
4:26 of 1st period - Wrist shot by Miikka Salomaki.
4:26 of 1st period - Stopped by Chet Pickard without a rebound.
4:27 of 1st period - Stefan Matteau wins face-off versus Garret Ross in Mustangs zone.
5:10 of 1st period - Robbie Earl is hit by Brady Skjei and loses puck.
5:26 of 1st period - Melker Karlsson is hit by Carter Ashton and loses puck.
5:31 of 1st period - Slapshot by Carter Ashton.
5:31 of 1st period - Shot Hit the Post.
5:43 of 1st period - Slapshot by Melker Karlsson.
5:43 of 1st period - Stopped by Louis Domingue with a rebound.
6:29 of 1st period - Off-side.
6:30 of 1st period - Radek Faksa wins face-off versus Melker Karlsson in neutral zone.
6:33 of 1st period - Damon Severson is hit by Miikka Salomaki and loses puck.
7:21 of 1st period - Snap shot by Colton Gillies.
7:21 of 1st period - Stopped by Chet Pickard without a rebound.
7:22 of 1st period - Andreas Athanasiou wins face-off versus Stefan Matteau in Mustangs zone.
8:11 of 1st period - Slapshot by Josh Jooris.
8:11 of 1st period - Shot Blocked by Mattias Tedenby.
8:13 of 1st period - Wrist shot by Josh Jooris.
8:13 of 1st period - Stopped by Louis Domingue with a rebound.
8:15 of 1st period - Wrist shot by Jim O'Brien.
8:15 of 1st period - Stopped by Louis Domingue with a rebound.
8:17 of 1st period - Snap shot by Josh Jooris.
8:17 of 1st period - Stopped by Louis Domingue without a rebound.
8:18 of 1st period - Melker Karlsson wins face-off versus Andreas Athanasiou in Punishers zone.
8:45 of 1st period - Joshua Leivo is hit by Colton Gillies and loses puck.
9:29 of 1st period - Robbie Earl is hit by Alexei Marchenko.
9:33 of 1st period - Snap shot by Colton Gillies.
9:33 of 1st period - Stopped by Chet Pickard without a rebound.
9:34 of 1st period - Melker Karlsson wins face-off versus Andreas Athanasiou in Mustangs zone.
10:41 of 1st period - Derek Joslin is hit by Tyler Bertuzzi.
10:47 of 1st period - Snap shot by Andrew Shaw.
10:47 of 1st period - Deflect By Melker Karlsson.
10:47 of 1st period - Shot Blocked by Stefan Elliott.
10:47 of 1st period - Puck is out of play.
10:48 of 1st period - Garret Ross wins face-off versus Melker Karlsson in Punishers zone.
11:34 of 1st period - Snap shot by Nikita Gusev.
11:34 of 1st period - Stopped by Chet Pickard with a rebound.
12:42 of 1st period - Miikka Salomaki is hit by Alexei Marchenko and loses puck.
14:25 of 1st period - Colton Gillies is hit by Andrew Shaw and loses puck.
14:55 of 1st period - Colton Gillies is hit by Damon Severson.
15:04 of 1st period - Icing by Mattias Tedenby.
15:05 of 1st period - Andreas Athanasiou wins face-off versus Stefan Matteau in Punishers zone.
15:05 of 1st period - Andreas Athanasiou is hit by Stefan Matteau.
15:11 of 1st period - Snap shot by David Laliberté.
15:11 of 1st period - Shot Misses the Net.
15:13 of 1st period - Slapshot by Stefan Elliott.
15:13 of 1st period - Stopped by Chet Pickard without a rebound.
15:14 of 1st period - Melker Karlsson wins face-off versus Andreas Athanasiou in Mustangs zone.
15:41 of 1st period - Jim O'Brien is hit by Radek Faksa.
15:49 of 1st period - Wrist shot by Miikka Salomaki.
15:49 of 1st period - Shot Misses the Net.
16:07 of 1st period - Wrist shot by JT Compher.
16:07 of 1st period - Shot Misses the Net.
16:09 of 1st period - Snap shot by JT Compher.
16:09 of 1st period - Shot Misses the Net.
16:11 of 1st period - Wrist shot by Stefan Matteau.
16:11 of 1st period - Shot Misses the Net.
16:53 of 1st period - Snap shot by Miikka Salomaki.
16:53 of 1st period - Stopped by Chet Pickard without a rebound.
16:54 of 1st period - Colton Gillies wins face-off versus Melker Karlsson in Mustangs zone.
17:21 of 1st period - Josh Jooris is hit by David Laliberté and loses puck.
17:32 of 1st period - Alexei Marchenko is hit by Tyler Bertuzzi and loses puck.
17:52 of 1st period - Snap shot by David Laliberté.
17:52 of 1st period - Goal by David Laliberté - Mustangs : 0 - Punishers : 1.
17:53 of 1st period - Melker Karlsson wins face-off versus Colton Gillies in neutral zone.
18:06 of 1st period - Wrist shot by Teuvo Teravainen.
18:06 of 1st period - Shot Misses the Net.
18:22 of 1st period - Off-side.
18:23 of 1st period - Melker Karlsson wins face-off versus Tyler Bertuzzi in neutral zone.
18:31 of 1st period - Wrist shot by Teuvo Teravainen.
18:31 of 1st period - Stopped by Louis Domingue with a rebound.
18:35 of 1st period - Wrist shot by Andrew Shaw.
18:35 of 1st period - Goal by Andrew Shaw - Mustangs : 1 - Punishers : 1.
18:36 of 1st period - Melker Karlsson wins face-off versus Colton Gillies in neutral zone.
19:01 of 1st period - Derek Joslin is hit by David Laliberté and loses puck.
19:06 of 1st period - Snap shot by David Laliberté.
19:06 of 1st period - Shot Blocked by Derek Joslin.
19:08 of 1st period - Wrist shot by Andreas Athanasiou.
19:08 of 1st period - Shot Blocked by Brady Skjei.
19:10 of 1st period - Snap shot by Tyler Bertuzzi.
19:10 of 1st period - Shot Misses the Net.
19:49 of 1st period - Slapshot by Stefan Elliott.
19:49 of 1st period - Stopped by Chet Pickard with a rebound.
Goals for this period are 1 for Mustangs vs 1 for Punishers.
Shots for this period are 8 for Mustangs vs 9 for Punishers.
2nd period
0:01 of 2nd period - Colton Gillies wins face-off versus Melker Karlsson in neutral zone.
0:26 of 2nd period - Adam Pelech is hit by Joshua Leivo and loses puck.
0:53 of 2nd period - Brady Skjei is hit by Jordan Schmaltz.
1:23 of 2nd period - Snap shot by Curtis Hamilton.
1:23 of 2nd period - Stopped by Louis Domingue with a rebound.
1:38 of 2nd period - Off-side.
1:39 of 2nd period - Colton Gillies wins face-off versus Melker Karlsson in neutral zone.
2:00 of 2nd period - Minor Penalty to Ben Harpur for Checking from behind.
2:01 of 2nd period - Melker Karlsson wins face-off versus Andreas Athanasiou in Mustangs zone.
2:10 of 2nd period - Wrist shot by Robbie Earl.
2:10 of 2nd period - Deflect By Mattias Tedenby.
2:10 of 2nd period - Stopped by Chet Pickard with a rebound.
2:12 of 2nd period - Slapshot by Adam Pelech.
2:12 of 2nd period - Stopped by Chet Pickard with a rebound.
2:14 of 2nd period - Slapshot by Adam Pelech.
2:14 of 2nd period - Stopped by Chet Pickard with a rebound.
2:16 of 2nd period - Slapshot by Robbie Earl.
2:16 of 2nd period - Goal by Robbie Earl - Mustangs : 1 - Punishers : 2.
2:17 of 2nd period - Melker Karlsson wins face-off versus Colton Gillies in neutral zone.
2:24 of 2nd period - Wrist shot by Teuvo Teravainen.
2:24 of 2nd period - Stopped by Louis Domingue with a rebound.
2:26 of 2nd period - Snap shot by Teuvo Teravainen.
2:26 of 2nd period - Shot Misses the Net.
2:28 of 2nd period - Slapshot by Derek Joslin.
2:28 of 2nd period - Stopped by Louis Domingue with a rebound.
3:04 of 2nd period - Snap shot by Radek Faksa.
3:04 of 2nd period - Shot Misses the Net.
4:07 of 2nd period - Brady Skjei is hit by Tyler Bertuzzi and loses puck.
4:13 of 2nd period - Off-side.
4:14 of 2nd period - Radek Faksa wins face-off versus Melker Karlsson in neutral zone.
4:36 of 2nd period - Icing by Garret Ross.
4:37 of 2nd period - Jim O'Brien wins face-off versus Colton Gillies in Punishers zone.
4:46 of 2nd period - Wrist shot by Mattias Tedenby.
4:46 of 2nd period - Stopped by Chet Pickard without a rebound.
4:47 of 2nd period - Melker Karlsson wins face-off versus Colton Gillies in Mustangs zone.
4:47 of 2nd period - Melker Karlsson is hit by Robbie Earl.
4:59 of 2nd period - Snap shot by Stefan Elliott.
4:59 of 2nd period - Shot Misses the Net.
5:20 of 2nd period - Snap shot by Jim O'Brien.
5:20 of 2nd period - Shot Blocked by Adam Pelech.
5:22 of 2nd period - Slapshot by Damon Severson.
5:22 of 2nd period - Shot Blocked by Andreas Athanasiou.
5:24 of 2nd period - Wrist shot by Josh Jooris.
5:24 of 2nd period - Shot Misses the Net.
5:26 of 2nd period - Slapshot by Damon Severson.
5:26 of 2nd period - Shot Misses the Net.
5:28 of 2nd period - Slapshot by Josh Jooris.
5:28 of 2nd period - Stopped by Louis Domingue with a rebound.
5:40 of 2nd period - Tyler Bertuzzi is hit by Derek Joslin and loses puck.
6:15 of 2nd period - Snap shot by David Laliberté.
6:15 of 2nd period - Stopped by Chet Pickard with a rebound.
6:35 of 2nd period - Snap shot by David Laliberté.
6:35 of 2nd period - Shot Misses the Net.
6:37 of 2nd period - Slapshot by Stefan Elliott.
6:37 of 2nd period - Shot Misses the Net.
6:52 of 2nd period - Minor Penalty to Stefan Matteau for Holding.
6:53 of 2nd period - Miikka Salomaki wins face-off versus Melker Karlsson in Mustangs zone.
6:53 of 2nd period - Wrist shot by Mattias Tedenby.
6:53 of 2nd period - Shot Misses the Net.
6:55 of 2nd period - Snap shot by Mattias Tedenby.
6:55 of 2nd period - Stopped by Chet Pickard with a rebound.
6:57 of 2nd period - Snap shot by Robbie Earl.
6:57 of 2nd period - Shot Misses the Net.
6:59 of 2nd period - Slapshot by Robbie Earl.
6:59 of 2nd period - Shot Misses the Net.
7:01 of 2nd period - Wrist shot by Miikka Salomaki.
7:01 of 2nd period - Stopped by Chet Pickard with a rebound.
7:03 of 2nd period - Wrist shot by Robbie Earl.
7:03 of 2nd period - Stopped by Chet Pickard with a rebound.
7:05 of 2nd period - Wrist shot by Robbie Earl.
7:05 of 2nd period - Shot Blocked by Damon Severson.
7:07 of 2nd period - Snap shot by Mattias Tedenby.
7:07 of 2nd period - Stopped by Chet Pickard with a rebound.
7:09 of 2nd period - Slapshot by Jordan Schmaltz.
7:09 of 2nd period - Goal by Jordan Schmaltz - Mustangs : 1 - Punishers : 3.
7:10 of 2nd period - Colton Gillies wins face-off versus Melker Karlsson in neutral zone.
7:13 of 2nd period - Brady Skjei is hit by Colton Gillies and loses puck.
8:27 of 2nd period - Wrist shot by Stefan Matteau.
8:27 of 2nd period - Shot Hit the Post.
8:31 of 2nd period - Wrist shot by Stefan Matteau.
8:31 of 2nd period - Stopped by Louis Domingue with a rebound.
8:33 of 2nd period - Slapshot by Brady Skjei.
8:33 of 2nd period - Shot Blocked by Dylan DeMelo.
8:37 of 2nd period - Wrist shot by Stefan Matteau.
8:37 of 2nd period - Shot Misses the Net.
8:39 of 2nd period - Wrist shot by Derek Joslin.
8:39 of 2nd period - Stopped by Louis Domingue with a rebound.
8:41 of 2nd period - Slapshot by Derek Joslin.
8:41 of 2nd period - Shot Misses the Net.
8:43 of 2nd period - Slapshot by Brady Skjei.
8:43 of 2nd period - Shot Blocked by Patrick Wiercioch.
8:45 of 2nd period - Slapshot by Brady Skjei.
8:45 of 2nd period - Stopped by Louis Domingue with a rebound.
8:47 of 2nd period - Slapshot by Brady Skjei.
8:47 of 2nd period - Stopped by Louis Domingue without a rebound.
8:48 of 2nd period - Colton Gillies wins face-off versus Melker Karlsson in Punishers zone.
9:13 of 2nd period - Josh Jooris is hit by Miikka Salomaki and loses puck.
9:22 of 2nd period - Miikka Salomaki is hit by Ben Harpur and loses puck.
9:35 of 2nd period - Snap shot by David Laliberté.
9:35 of 2nd period - Shot Misses the Net.
9:37 of 2nd period - Minor Penalty to Curtis Hamilton for Holding.
9:38 of 2nd period - Melker Karlsson wins face-off versus Andreas Athanasiou in Mustangs zone.
9:38 of 2nd period - Melker Karlsson is hit by Andreas Athanasiou.
11:08 of 2nd period - Mattias Tedenby is hit by Jim O'Brien and loses puck.
11:37 of 2nd period - Penalty to Curtis Hamilton is over, Curtis Hamilton is back on ice.
12:05 of 2nd period - Wrist shot by Nikita Gusev.
12:05 of 2nd period - Stopped by Chet Pickard with a rebound.
12:07 of 2nd period - Snap shot by Carter Ashton.
12:07 of 2nd period - Stopped by Chet Pickard with a rebound.
12:09 of 2nd period - Snap shot by Dylan DeMelo.
12:09 of 2nd period - Stopped by Chet Pickard with a rebound.
12:11 of 2nd period - Wrist shot by Dylan DeMelo.
12:11 of 2nd period - Shot Misses the Net.
12:25 of 2nd period - Snap shot by Andrew Shaw.
12:25 of 2nd period - Shot Misses the Net.
12:34 of 2nd period - Icing by Miikka Salomaki.
12:35 of 2nd period - Jim O'Brien wins face-off versus Freddie Hamilton in Punishers zone.
12:37 of 2nd period - Minor Penalty to Dakota Mermis for Hooking.
12:38 of 2nd period - Melker Karlsson wins face-off versus Andreas Athanasiou in Mustangs zone.
12:38 of 2nd period - Melker Karlsson is hit by Mattias Tedenby.
13:11 of 2nd period - Wrist shot by Colton Gillies.
13:11 of 2nd period - Stopped by Chet Pickard with a rebound.
13:13 of 2nd period - Slapshot by Jordan Schmaltz.
13:13 of 2nd period - Goal by Jordan Schmaltz - Mustangs : 1 - Punishers : 4.
13:14 of 2nd period - Melker Karlsson wins face-off versus Mattias Tedenby in neutral zone.
14:02 of 2nd period - Radek Faksa is hit by Stefan Matteau and loses puck.
14:28 of 2nd period - Snap shot by Max Gortz.
14:28 of 2nd period - Goal by Max Gortz - Mustangs : 2 - Punishers : 4.
14:29 of 2nd period - Colton Gillies wins face-off versus Melker Karlsson in neutral zone.
14:32 of 2nd period - Melker Karlsson is hit by Colton Gillies and loses puck.
15:25 of 2nd period - Snap shot by Nikita Gusev.
15:25 of 2nd period - Shot Misses the Net.
15:35 of 2nd period - Wrist shot by Josh Jooris.
15:35 of 2nd period - Stopped by Louis Domingue without a rebound.
15:36 of 2nd period - Colton Gillies wins face-off versus Melker Karlsson in Punishers zone.
15:49 of 2nd period - Wrist shot by Colton Gillies.
15:49 of 2nd period - Stopped by Chet Pickard with a rebound.
15:51 of 2nd period - Slapshot by Colton Gillies.
15:51 of 2nd period - Shot Misses the Net.
16:03 of 2nd period - Tyler Bertuzzi is hit by Jerome Samson.
16:11 of 2nd period - Snap shot by Jordan Schmaltz.
16:11 of 2nd period - Stopped by Chet Pickard with a rebound.
16:23 of 2nd period - Snap shot by Curtis Hamilton.
16:23 of 2nd period - Stopped by Louis Domingue with a rebound.
16:29 of 2nd period - Alexei Marchenko is hit by Garret Ross and loses puck.
16:40 of 2nd period - Freddie Hamilton is hit by Melker Karlsson.
16:55 of 2nd period - Off-side.
16:56 of 2nd period - Colton Gillies wins face-off versus Stefan Matteau in neutral zone.
17:30 of 2nd period - Snap shot by Miikka Salomaki.
17:30 of 2nd period - Stopped by Chet Pickard with a rebound.
17:32 of 2nd period - Backhand shot by Jordan Schmaltz.
17:32 of 2nd period - Deflect By Stefan Matteau.
17:32 of 2nd period - Stopped by Chet Pickard with a rebound.
17:34 of 2nd period - Wrist shot by Jordan Schmaltz.
17:34 of 2nd period - Stopped by Chet Pickard with a rebound.
18:15 of 2nd period - Icing by Mattias Tedenby.
18:16 of 2nd period - Melker Karlsson wins face-off versus Colton Gillies in Punishers zone.
19:32 of 2nd period - Icing by Jordan Schmaltz.
19:33 of 2nd period - Radek Faksa wins face-off versus Melker Karlsson in Punishers zone.
19:51 of 2nd period - Slapshot by Radek Faksa.
19:51 of 2nd period - Shot Misses the Net.
Goals for this period are 1 for Mustangs vs 3 for Punishers.
Shots for this period are 11 for Mustangs vs 21 for Punishers.
3rd period
0:01 of 3rd period - Mattias Tedenby wins face-off versus Andrew Shaw in neutral zone.
0:06 of 3rd period - Slapshot by Stefan Elliott.
0:06 of 3rd period - Stopped by Chet Pickard with a rebound.
0:08 of 3rd period - Snap shot by Mattias Tedenby.
0:08 of 3rd period - Goal by Mattias Tedenby - Mustangs : 2 - Punishers : 5.
0:09 of 3rd period - Melker Karlsson wins face-off versus Colton Gillies in neutral zone.
0:12 of 3rd period - Snap shot by Derek Joslin.
0:12 of 3rd period - Stopped by Louis Domingue without a rebound.
0:13 of 3rd period - Melker Karlsson wins face-off versus Robbie Earl in Punishers zone.
0:20 of 3rd period - Wrist shot by Brady Skjei.
0:20 of 3rd period - Stopped by Louis Domingue with a rebound.
0:22 of 3rd period - Slapshot by Derek Joslin.
0:22 of 3rd period - Shot Blocked by Madison Bowey.
0:24 of 3rd period - Wrist shot by Brady Skjei.
0:24 of 3rd period - Stopped by Louis Domingue without a rebound.
0:25 of 3rd period - Melker Karlsson wins face-off versus Colton Gillies in Punishers zone.
0:26 of 3rd period - Wrist shot by Andrew Shaw.
0:26 of 3rd period - Stopped by Louis Domingue with a rebound.
0:28 of 3rd period - Snap shot by Andrew Shaw.
0:28 of 3rd period - Shot Blocked by Robbie Earl.
0:30 of 3rd period - Slapshot by Derek Joslin.
0:30 of 3rd period - Stopped by Louis Domingue with a rebound.
0:37 of 3rd period - Minor Penalty to Jordan Schmaltz for Diving.
0:38 of 3rd period - Colton Gillies wins face-off versus Melker Karlsson in Punishers zone.
1:37 of 3rd period - Slapshot by Josh Jooris.
1:37 of 3rd period - Goal by Josh Jooris - Mustangs : 3 - Punishers : 5.
1:38 of 3rd period - Melker Karlsson wins face-off versus Colton Gillies in neutral zone.
1:38 of 3rd period - Melker Karlsson is hit by Colton Gillies.
2:33 of 3rd period - Jerome Samson is hit by Adam Pelech and loses puck.
3:12 of 3rd period - Slapshot by Josh Jooris.
3:12 of 3rd period - Stopped by Louis Domingue without a rebound.
3:13 of 3rd period - Colton Gillies wins face-off versus Jim O'Brien in Punishers zone.
3:15 of 3rd period - Minor Penalty to Dylan DeMelo for Hooking.
3:16 of 3rd period - Melker Karlsson wins face-off versus Robbie Earl in Punishers zone.
3:42 of 3rd period - Robbie Earl is hit by Joshua Leivo and loses puck.
3:47 of 3rd period - Slapshot by Josh Jooris.
3:47 of 3rd period - Shot Blocked by Stefan Elliott.
5:15 of 3rd period - Penalty to Dylan DeMelo is over, Dylan DeMelo is back on ice.
5:44 of 3rd period - Patrick Wiercioch is hit by Ben Harpur and loses puck.
6:05 of 3rd period - Jerome Samson is hit by Dylan DeMelo and loses puck.
6:37 of 3rd period - Alexei Marchenko is hit by David Laliberté and loses puck.
7:08 of 3rd period - Minor Penalty to Joshua Leivo for Hooking.
7:09 of 3rd period - Andreas Athanasiou wins face-off versus Melker Karlsson in Mustangs zone.
7:34 of 3rd period - David Laliberté is hit by Brady Skjei and loses puck.
7:41 of 3rd period - Snap shot by Andrew Shaw.
7:41 of 3rd period - Shot Misses the Net.
7:43 of 3rd period - Slapshot by Andrew Shaw.
7:43 of 3rd period - Goal by Andrew Shaw - Mustangs : 4 - Punishers : 5.
7:44 of 3rd period - Melker Karlsson wins face-off versus Andreas Athanasiou in neutral zone.
8:15 of 3rd period - Slapshot by David Laliberté.
8:15 of 3rd period - Shot Blocked by Derek Joslin.
8:17 of 3rd period - Backhand shot by David Laliberté.
8:17 of 3rd period - Goal by David Laliberté - Mustangs : 4 - Punishers : 6.
8:18 of 3rd period - Colton Gillies wins face-off versus Melker Karlsson in neutral zone.
8:54 of 3rd period - Snap shot by Josh Jooris.
8:54 of 3rd period - Deflect By Andreas Athanasiou.
8:54 of 3rd period - Stopped by Louis Domingue with a rebound.
8:56 of 3rd period - Wrist shot by Joshua Leivo.
8:56 of 3rd period - Shot Blocked by Stefan Elliott.
9:12 of 3rd period - Stefan Matteau is hit by Radek Faksa and loses puck.
9:29 of 3rd period - Carter Ashton is hit by Alexei Marchenko and loses puck.
9:36 of 3rd period - Wrist shot by Max Gortz.
9:36 of 3rd period - Stopped by Louis Domingue with a rebound.
9:58 of 3rd period - Snap shot by Colton Gillies.
9:58 of 3rd period - Stopped by Chet Pickard without a rebound.
9:59 of 3rd period - Colton Gillies wins face-off versus Melker Karlsson in Mustangs zone.
10:06 of 3rd period - Snap shot by Robbie Earl.
10:06 of 3rd period - Goal by Robbie Earl - Mustangs : 4 - Punishers : 7.
10:07 of 3rd period - Melker Karlsson wins face-off versus Colton Gillies in neutral zone.
11:00 of 3rd period - Snap shot by Garret Ross.
11:00 of 3rd period - Deflect By Miikka Salomaki.
11:00 of 3rd period - Stopped by Chet Pickard without a rebound.
11:01 of 3rd period - Colton Gillies wins face-off versus Melker Karlsson in Mustangs zone.
11:22 of 3rd period - Brady Skjei is hit by Colton Gillies.
11:57 of 3rd period - Slapshot by Derek Joslin.
11:57 of 3rd period - Goal by Derek Joslin - Mustangs : 5 - Punishers : 7.
11:58 of 3rd period - Colton Gillies wins face-off versus Jim O'Brien in neutral zone.
12:00 of 3rd period - Adam Pelech is hit by Alexei Marchenko and loses puck.
12:19 of 3rd period - Minor Penalty to Robbie Earl for Holding.
12:20 of 3rd period - Colton Gillies wins face-off versus Melker Karlsson in Punishers zone.
12:20 of 3rd period - Colton Gillies is hit by Andrew Shaw.
12:31 of 3rd period - Off-side.
12:32 of 3rd period - Colton Gillies wins face-off versus Melker Karlsson in neutral zone.
13:13 of 3rd period - Slapshot by Brady Skjei.
13:13 of 3rd period - Stopped by Louis Domingue with a rebound.
14:19 of 3rd period - Penalty to Robbie Earl is over, Robbie Earl is back on ice.
14:34 of 3rd period - Patrick Wiercioch is hit by Derek Joslin and loses puck.
14:47 of 3rd period - Wrist shot by Patrick Wiercioch.
14:47 of 3rd period - Shot Blocked by Stefan Matteau.
14:49 of 3rd period - Snap shot by Andreas Athanasiou.
14:49 of 3rd period - Shot Misses the Net.
14:51 of 3rd period - Wrist shot by Andreas Athanasiou.
14:51 of 3rd period - Shot Misses the Net.
16:11 of 3rd period - Colton Gillies is hit by Derek Joslin and loses puck.
16:36 of 3rd period - Slapshot by Dylan DeMelo.
16:36 of 3rd period - Stopped by Chet Pickard with a rebound.
16:38 of 3rd period - Slapshot by Dylan DeMelo.
16:38 of 3rd period - Stopped by Chet Pickard without a rebound.
16:39 of 3rd period - Radek Faksa wins face-off versus Stefan Matteau in Mustangs zone.
17:23 of 3rd period - Off-side.
17:24 of 3rd period - Radek Faksa wins face-off versus Melker Karlsson in neutral zone.
17:49 of 3rd period - Robbie Earl is hit by Ben Harpur and loses puck.
18:12 of 3rd period - Joshua Leivo is hit by Andreas Athanasiou and loses puck.
19:43 of 3rd period - Off-side.
19:44 of 3rd period - Radek Faksa wins face-off versus Stefan Matteau in neutral zone.
19:57 of 3rd period - Slapshot by Garret Ross.
19:57 of 3rd period - Stopped by Chet Pickard without a rebound.
19:58 of 3rd period - Melker Karlsson wins face-off versus Andreas Athanasiou in Mustangs zone.
19:58 of 3rd period - Melker Karlsson is hit by Tyler Bertuzzi.
Goals for this period are 3 for Mustangs vs 3 for Punishers.
Shots for this period are 12 for Mustangs vs 9 for Punishers.
Back to the Top